 Dungeon Crawl Stone Soup version 0.25-a0-589-g1e14c549ee (webtiles) character file.

Game seed: 408314252092693367, levelgen mode: deterministic

658 Gargoyl the Skirmisher (level 7, -4/64 HPs)
             Began as a Centaur Abyssal Knight on Mar 12, 2020.
             Was a Believer of Lugonu.
             Killed from afar by Sigmund (7 damage)
             ... with a magic dart
             ... on level 3 of the Dungeon.
             The game lasted 00:02:49 (2662 turns).

Gargoyl the Skirmisher (Centaur Abyssal Knight)     Turns: 2662, Time: 00:02:50

Health: -4/64      AC:  7    Str: 15    XL:     7   Next: 29%
Magic:  9/9        EV:  7    Int: 15    God:    Lugonu [**....]
Gold:   88         SH:  0    Dex: 10    Spells: 6/6 levels left

rFire    . . .     SeeInvis .   b - +2 whip (elec)
rCold    + . .     Gourm    .   (no shield)
rNeg     . . .     Faith    .   k - +0 scale mail
rPois    .         Spirit   .   d - +0 helmet of Abstinence {rC+ rCorr Int+4}
rElec    .         Reflect  .   (no cloak)
rCorr    +         Harm     .   (no gloves)
MR       .....                  (no barding)
Stlth    ..........             (no amulet)
HPRegen  0.20/turn              (no ring)
MPRegen  0.11/turn              (no ring)

@: very quick
A: large, hooves 3, deformed body, speed 2, tough skin 3
a: Depart the Abyss, Bend Space, Renounce Religion


You were on level 3 of the Dungeon.
You worshipped Lugonu.
Lugonu was pleased with you.
You were not hungry.

You visited 1 branch of the dungeon, and saw 3 of its levels.
You visited the Abyss 1 time.

You collected 88 gold pieces.

Inventory:

Hand Weapons
 a - a +1 hand axe
 b - a +2 whip of electrocution (weapon)
 f - a +0 war axe
Missiles
 e - 7 boomerangs (quivered)
Armour
 d - the +0 helmet of Abstinence (worn) {rC+ rCorr Int+4}
   (You took it off Robin on level 2 of the Dungeon)

   It affects your intelligence (+4).
   It protects you from cold.
   It provides partial protection from all sources of acid and corrosion.
 k - a +0 scale mail (worn)
Scrolls
 j - a scroll of remove curse {unknown}
Potions
 g - a potion of curing {unknown}
 h - a potion of lignification {unknown}
 i - a potion of might
Comestibles
 c - 5 rations
 l - a chunk of flesh


   Skills:
 + Level 6.3 Fighting
 + Level 3.4 Axes
 * Level 2.6 Armour
 * Level 1.1 Dodging
 * Level 3.7 Invocations


You had 6 spell levels left.
You didn't know any spells.
Your spell library was empty.

Dungeon Overview and Level Annotations

Branches:
Dungeon (3/15)

Altars:

Annotations:
D:3 Sigmund


Innate Abilities, Weirdness & Mutations

You have hooves in place of feet.
Armour fits poorly on your strangely shaped body.
You cover ground very quickly.
You have extremely tough skin. (AC +3)


Message History

You hear some strange, mumbled words.
Something tries to affect you, but you resist.
You miss something. Your kick misses something. Something hits you!
You miss something. You miss something. Something hits you!
* * * LOW HITPOINT WARNING * * *
Your scale mail prevents you from hitting something.
Something hits you.
* * * LOW HITPOINT WARNING * * *
You hit something. Lightning courses through something! You hit something.
Something hits you.
* * * LOW HITPOINT WARNING * * *
You hit something. Your kick misses something. Something hits you.
* * * LOW HITPOINT WARNING * * *
You hit something. Your kick misses something. You miss something.
You kick something.
You hear some strange, mumbled words.
A magic dart appears from out of thin air!
The magic dart hits you!
You die...

#.#.# ....# .
#...# .. #...
..#
####..###..?.
#..........#
#........#
#..{@<†..#
#......%....#
#...........#
#...>...$...#
####........#
######...#
...# ..#


There were no monsters in sight!

Vanquished Creatures
  A glowing orange brain (Abyss:1)
  Robin (D:2)
  4 gnolls (D:2)
  3 adders (D:2)
  A worm (D:2)
  A leopard gecko (D:1)
  3 orcs (D:3)
  A bat (D:3)
  3 giant cockroaches
  13 goblins
  9 hobgoblins
  4 jackals (D:2)
  A quokka (D:2)
  A frilled lizard (D:2)
  5 kobolds
  4 rats
55 creatures vanquished.

Notes
Turn   | Place    | Note
-------+----------+-------------------------------------------
     0 | Abyss:1  | Gargoyl the Centaur Abyssal Knight began the quest for the
                  | Orb.
     0 | Abyss:1  | Reached XP level 1. HP: 19/19 MP: 2/2
    65 | Abyss:1  | Noticed a glowing orange brain
    84 | Abyss:1  | Noticed a small abomination
    85 | Abyss:1  | Noticed a neqoxec
    88 | Abyss:1  | Noticed an iron imp
    91 | Abyss:1  | Killed a glowing orange brain
    91 | Abyss:1  | Reached skill level 6 in Fighting
    91 | Abyss:1  | Reached XP level 2. HP: 30/30 MP: 2/4
    91 | Abyss:1  | Reached XP level 3. HP: 37/37 MP: 2/5
    91 | Abyss:1  | Reached XP level 4. HP: 44/44 MP: 2/6
    91 | Abyss:1  | Reached XP level 5. HP: 50/50 MP: 2/7
    91 | Abyss:1  | Reached XP level 6. HP: 57/57 MP: 2/8
    91 | Abyss:1  | Reached XP level 7. HP: 63/63 MP: 2/9
   130 | Abyss:3  | Noticed a raiju
   130 | Abyss:3  | Noticed a raiju
   130 | Abyss:3  | Noticed a raiju
   130 | Abyss:3  | Noticed a raiju
   130 | D:1      | Escaped the Abyss
   991 | D:2      | Reached * piety under Lugonu
  1284 | D:2      | Identified the +0 helmet of Abstinence {rC+ rCorr Int+4}
  1284 | D:2      | Noticed Robin
  1310 | D:2      | Killed Robin
  1310 | D:2      | Reached skill level 1 in Dodging
  2505 | D:3      | Noticed Sigmund
  2545 | D:2      | Reached ** piety under Lugonu
  2660 | D:3      | HP: 3/64 [something (5)]
  2662 | D:3      | Killed from afar by Sigmund

Levels and vault maps discovered:
D:1:      erik_arrival_triangle_small, layout_loops_corners
D:2:      layout_loops_ring, uniq_robin
D:3:      layout_rooms, first_ration, grunt_ministairs_2, grunt_dithmenos_smoke,
          uniq_sigmund

Skill      XL: |  1  2  3  4  5  6  7 |
---------------+----------------------+-----
Fighting       | 6 |  6.3
Axes           | 3 |  3.4
Armour         | 2 |  2.6
Invocations    | 3 |  3.7
Dodging        | 1 |  1.1

Action                   |  1- 3 |  4- 6 |  7- 9 || total
-------------------------+-------+-------+-------++-------
Melee: Hand axe          |    10 |       |   121 ||   131
       Kick              |     2 |       |    25 ||    27
       Whip              |       |       |    20 ||    20
Invok: Depart the Abyss  |       |       |     1 ||     1
  Use: Potion            |     1 |       |       ||     1
       Scroll            |       |       |     3 ||     3
  Eat: Chunk             |       |       |     4 ||     4
Armor: Scale mail        |       |       |    37 ||    37
       Leather armour    |       |       |    26 ||    26
Dodge: Dodged            |       |       |    83 ||    83

Table legend:
 A = Non-vault XP
 B = Vault XP
 C = Vault XP percentage of total XP
 D = Non-vault monster count
 E = Vault monster count
 F = Vault count percentage of total count
                 A         B        C        D         E       F
            +---------+---------+-------+---------+---------+-------
      Total |     902 |      38 |   4.0 |      42 |      13 |  23.6
            +---------+---------+-------+---------+---------+-------
        D:1 |      17 |       0 |   0.0 |      10 |       0 |   0.0
        D:2 |     138 |      38 |  21.6 |      27 |      13 |  32.5
        D:3 |      11 |       0 |   0.0 |       4 |       0 |   0.0
    Abyss:1 |     736 |       0 |   0.0 |       1 |       0 |   0.0
            +---------+---------+-------+---------+---------+-------
